 Dungeon Crawl Stone Soup version 0.28-a0-1236-gb25a51b929 (webtiles) character file.

Game seed: 6177417548690076199

203 blank1 the Skirmisher (level 5, 0/72 HPs)
             Began as a Minotaur Fighter on Dec 26, 2021.
             Succumbed to a kobold brigand's curare-tipped dart
             ... on level 3 of the Dungeon.
             The game lasted 00:03:47 (2165 turns).

blank1 the Skirmisher (Minotaur Fighter)            Turns: 2165, Time: 00:03:47

Health: 0/72       AC: 11    Str: 23    XL:     5   Next: 51%
Magic:  4/4        EV: 10    Int:  5    God:
Gold:   128        SH:  4    Dex:  9    Spells: 4/4 levels left

rFire   . . .      SeeInvis .   a - +0 trident
rCold   . . .      Faith    .   c - +0 buckler
rNeg    . . .      Spirit   .   b - +0 scale mail
rPois   .          Reflect  .   (helmet restricted)
rElec   .          Harm     .   (no cloak)
rCorr   .          Rampage  .   h - +0 pair of gloves
Will    .....                   k - +2 pair of boots
Stlth   ..........              (no amulet)
HPRegen 0.22/turn               (no ring)
MPRegen 0.09/turn               (no ring)

@: berserking, lethally poisoned (0 -> -1), hasted and slowed
A: horns 2, retaliatory headbutt
a: no special abilities


You were on level 3 of the Dungeon.
You visited 1 branch of the dungeon, and saw 3 of its levels.

You collected 128 gold pieces.

Inventory:

Hand Weapons
 a - a +0 trident (weapon)
Armour
 b - a +0 scale mail (worn)
 c - a +0 buckler (worn)
 h - a +0 pair of gloves (worn)
 k - a +2 pair of boots (worn)
Scrolls
 e - 3 scrolls of identify {unknown}
 f - a scroll of immolation {unknown}
 j - a scroll of teleportation {unknown}
 l - 2 scrolls of noise {unknown}
Potions
 d - 4 potions of might
 m - a potion of lignification {unknown}


   Skills:
 + Level 5.4 Fighting
 + Level 4.5 Polearms
 - Level 4.0 Armour
 - Level 2.0 Dodging
 - Level 4.0 Shields


You had 4 spell levels left.
You didn't know any spells.
Your spell library contained the following spells:

 Spells                   Type           Power      Damage    Failure   Level
 Beastly Appendage        Tmut           0%         N/A       78%         1
 Ensorcelled Hibernation  Hex/Ice        0%         N/A       89%         2
 Wereblood                Tmut           0%         N/A       89%         2
 Spider Form              Tmut/Pois      0%         N/A       98%         3
 Tukima's Dance           Hex            0%         N/A       98%         3
 Summon Lightning Spire   Summ/Air       0%         N/A       100%        4
 Storm Form               Tmut/Air       0%         N/A       100%        7
 Maxwell's Capacitive Co  Air            0%         ∞         100%        8


Dungeon Overview and Level Annotations

Branches:
Dungeon (3/15)

Altars:
Nemelex Xobeh

Shops:
D:1 (   D:3 *


Innate Abilities, Weirdness & Mutations

You have a pair of horns on your head.
You reflexively headbutt those who attack you in melee.


Message History

You reach to attack!
You barely miss the kobold brigand.
You feel very sick.
The kobold brigand throws a curare-tipped dart.
The curare-tipped dart closely misses you.
You reach to attack!
You closely miss the kobold brigand.
You feel very sick. The kobold brigand misses you.
The kobold brigand hits you with a +0 club.
You closely miss the kobold brigand. You headbutt the kobold brigand!
The kobold brigand is moderately wounded.
You feel very sick. You block the kobold brigand's attack.
The kobold brigand closely misses you.
The kobold brigand hits you with a +0 club!
You block the kobold brigand's attack.
You are too injured to fight recklessly!
You are too injured to fight recklessly!
You are too injured to fight recklessly!
Unknown command.
You are too injured to fight recklessly!
You puncture the kobold brigand!
The kobold brigand is moderately wounded.
You feel sick.
The kobold brigand hits you but does no damage.
The kobold brigand barely misses you.
You miss the kobold brigand.
The kobold brigand is moderately wounded.
You feel sick. The kobold brigand barely misses you.
The kobold brigand misses you.
The kobold brigand hits you with a +0 club.
* * * LOW HITPOINT WARNING * * *
The kobold brigand hits you with a +0 club.
* * * LOW HITPOINT WARNING * * *
It was a potion of haste.
You feel yourself speed up.
You feel sick.
The kobold brigand hits you with a +0 club!
* * * LOW HITPOINT WARNING * * *
The kobold brigand hits you but does no damage.
It was a potion of berserk rage.
A red film seems to cover your vision as you go berserk!
You feel yourself moving faster!
You feel mighty!
You die...

#.........#####...#.#.#####.#
#......#### #.###.#..# #.#
#......# #.###.##'####.# ########
#.##.....(.##.# #####
#.##.......'... ####≈≈≈####
#.##.......##.# ##≈≈≈≈≈≈≈≈
#####.......#..##.# #
≈≈≈≈≈≈≈######..K#######.##.##.#
####≈≈≈###......@K..# #.##....#
)))#####.......###....[?#.##....#
.)...)....######≈# #..((#.......#
###..)..### ≈≈≈ ########...# #
####### ≈≈≈≈ #......... # ≈≈≈≈≈#
#.......># # ###### ########## #


You could see 2 kobold brigands.

Vanquished Creatures
  2 orc priests (D:3)
  6 adders
  A worm (D:3)
  5 dart slugs
  5 orcs
  9 ball pythons
  6 bats
  8 endoplasms
  3 giant cockroaches
  6 hobgoblins
  3 quokkas
  3 frilled lizards
  3 goblins
  9 kobolds
  7 rats
76 creatures vanquished.

Notes
Turn   | Place    | Note
-------+----------+-------------------------------------------
     0 | D:1      | blank1 the Minotaur Fighter began the quest for the Orb.
     0 | D:1      | Reached XP level 1. HP: 19/19 MP: 0/0
   128 | D:1      | Found Fulall's Antique Weapon Boutique.
   185 | D:1      | Reached XP level 2. HP: 27/27 MP: 1/1
   531 | D:1      | Reached skill level 1 in Dodging
   769 | D:2      | Reached skill level 4 in Fighting
   769 | D:2      | Reached XP level 3. HP: 33/33 MP: 2/2
   978 | D:2      | Found a sparkling altar of Nemelex Xobeh.
  1312 | D:2      | Reached XP level 4. HP: 40/40 MP: 3/3
  1320 | D:2      | Noticed a black bear
  1611 | D:3      | Found Vumohal's Assorted Antiques.
  1646 | D:3      | Reached skill level 5 in Fighting
  1646 | D:3      | Reached XP level 5. HP: 41/48 MP: 4/4
  2164 | D:3      | HP: 1/48 [kobold brigand (8)]
  2165 | D:3      | Succumbed to a kobold brigand's curare-tipped dart

Illustrated notes

Levels and vault maps discovered:
D:1:      saegor_arrival_simple_a, layout_basic, serial_shops, shop
D:2:      layout_loops_ring, basic_altar, minivault_4, lightli_corner_chamber
D:3:      cheibrodos_thug_alley, layout_basic, serial_shops,
          nicolae_shop_crystal, chequers_serial_rivers_small_b

Skill      XL: |  1  2  3  4 |
---------------+-------------+-----
Dodging        | 1 2 |  2.0
Fighting       | 4 5 |  5.4
Armour         | 4 |  4.0
Shields        | 4 |  4.0
Polearms       | 3 4 |  4.5

Action                   |  1- 3 |  4- 6 || total
-------------------------+-------+-------++-------
Melee: Trident           |    83 |    78 ||   161
       Headbutt          |     8 |    13 ||    21
  Use: Potion            |       |     2 ||     2
Armor: Scale mail        |    19 |    23 ||    42
Dodge: Dodged            |    16 |    31 ||    47
Block: Buckler           |    13 |     7 ||    20

Table legend: (Time is in decaauts)
 A = Elapsed time spent in this place.
 B = Non-inter-level travel time spent in this place.
 C = Inter-level travel time spent in this place.
 D = Time resting spent in this place.
 E = Time spent auto-exploring this place.
 F = Levels seen in this place.
 G = Mean time per level.
                   A        B        C        D        E       F      G
               +--------+--------+--------+--------+--------+-----+--------+
         Total |   2189 |   2132 |     57 |     36 |   1689 |   3 |  729.7 |
       Dungeon |   2189 |   2132 |     57 |     36 |   1689 |   3 |  729.7 |
               +--------+--------+--------+--------+--------+-----+--------+

Top non-repeatable levels by time:
     D:2: 862 daAuts
     D:1: 699 daAuts
     D:3: 627 daAuts
